TOP OF THE 1ST |
Joplin Blasters batting - Pitching for Oakland Oaks : RHP Alex Garrett
|
Pitching: RHP Alex Garrett
|
|
Batting: RHB Dave Saldana
|
0-0: Called Strike 0-1: Ball 1-1: Ground out 6-3 (Groundball, 6MD, EV 86.9 MPH)
|
Batting: RHB Kevin Wimberly
|
0-0: Ball 1-0: Ball 2-0: Ball 3-0: Called Strike 3-1: Called Strike 3-2: Base on Balls
|
Batting: RHB Chance Argy
|
0-0: Fly out, F9 (Line Drive, 9, EV 100.6 MPH)
|
Batting: SHB Sean Hill
|
0-0: Ball 1-0: Foul Ball, location: 2F 1-1: Ball 2-1: Foul Ball, location: 2F 2-2: Foul Ball, location: 2F 2-2: Ball 3-2: Strikes out swinging
|
Top of the 1st over - 0 runs, 0 hits, 0 errors, 1 left on base; Joplin 0 - Oakland 0 |
BOTTOM OF THE 1ST |
Oakland Oaks batting - Pitching for Joplin Blasters : LHP Brett Reed
|
Pitching: LHP Brett Reed
|
|
Batting: SHB Steve Salafia
|
0-0: Foul Ball, location: 2F 0-1: Foul Ball, location: 2F 0-2: Hit by Pitch
|
Batting: RHB Tim Anderson
|
0-0: Called Strike 0-1: Called Strike Steve Salafia steals 2nd base 0-2: Ground out 6-3 (Groundball, 6, EV 83.8 MPH)
|
Batting: RHB Todd Vanasco
|
0-0: Swinging Strike 0-1: Foul Ball, location: 2F 0-2: Strikes out looking
|
Batting: SHB D.J. Codd
|
0-0: Called Strike 0-1: Swinging Strike 0-2: Strikes out swinging
|
Bottom of the 1st over - 0 runs, 0 hits, 0 errors, 1 left on base; Joplin 0 - Oakland 0 |
TOP OF THE 2ND |
Joplin Blasters batting - Pitching for Oakland Oaks : RHP Alex Garrett
|
Batting: LHB Mike Bhatti
|
0-0: Ball 1-0: Foul Ball, location: 2F 1-1: Swinging Strike 1-2: Strikes out swinging
|
Batting: RHB Nick Julien
|
0-0: Called Strike 0-1: Ball 1-1: Swinging Strike 1-2: Ball 2-2: Ball 3-2: Strikes out swinging
|
Batting: RHB Jason Birge
|
0-0: Ground out 5-3 (Groundball, 56S, EV 88.1 MPH)
|
Top of the 2nd over - 0 runs, 0 hits, 0 errors, 0 left on base; Joplin 0 - Oakland 0 |
BOTTOM OF THE 2ND |
Oakland Oaks batting - Pitching for Joplin Blasters : LHP Brett Reed
|
Batting: RHB Tetsuya Shinoda
|
0-0: Ball 1-0: Ball 2-0: Ball 3-0: Base on Balls
|
Batting: RHB Tim Cordle
|
0-0: Called Strike 0-1: SINGLE (Line Drive, 34, EV 98.1 MPH) Tetsuya Shinoda to second Runner from 2nd tries for 3rd, OUT! 9-5
|
Pitching: RHP Chance Griffin
|
|
Batting: LHB Gregg Power
|
0-0: Fly out, F7 (Flyball, 7LM, EV 89.4 MPH)
|
Batting: RHB Travis Robinson
|
0-0: Called Strike 0-1: Ball 1-1: SINGLE (Groundball, 56, EV 102.5 MPH) (infield hit) Tim Cordle to second
|
Batting: LHB Felipe Gomez
|
0-0: Called Strike 0-1: Ball 1-1: Fly out, F7 (Flyball, 7S, EV 80.0 MPH)
|
Bottom of the 2nd over - 0 runs, 2 hits, 0 errors, 2 left on base; Joplin 0 - Oakland 0 |
TOP OF THE 3RD |
Joplin Blasters batting - Pitching for Oakland Oaks : RHP Alex Garrett
|
Batting: RHB Carlos Santoni
|
0-0: Called Strike 0-1: Foul Ball, location: 2F 0-2: Strikes out looking
|
Batting: RHB Vance Coen
|
0-0: Swinging Strike 0-1: Ground out 4-3 (Groundball, 4, EV 104.4 MPH)
|
Batting: RHB Dave Saldana
|
0-0: Ball 1-0: Ball 2-0: Ball 3-0: Called Strike 3-1: Called Strike 3-2: Ground out 5-3 (Groundball, 56, EV 108.1 MPH)
|
Top of the 3rd over - 0 runs, 0 hits, 0 errors, 0 left on base; Joplin 0 - Oakland 0 |
BOTTOM OF THE 3RD |
Oakland Oaks batting - Pitching for Joplin Blasters : RHP Chance Griffin
|
Batting: SHB Steve Salafia
|
0-0: Ball 1-0: Ball 2-0: Foul Ball, location: 2F 2-1: Swinging Strike 2-2: SINGLE (Flyball, 7S, EV 81.2 MPH)
|
Batting: RHB Tim Anderson
|
0-0: Ball 1-0: Called Strike 1-1: Foul Ball, location: 2F 1-2: Ball 2-2: Fly out, F8 (Line Drive, 8RD, EV 102.5 MPH)
|
Batting: RHB Todd Vanasco
|
0-0: Called Strike 0-1: Called Strike 0-2: Ball 1-2: Ball 2-2: SINGLE (Line Drive, 9S, EV 91.9 MPH) Steve Salafia to second Runner from 2nd tries for 3rd, OUT! 9-5
|
Batting: SHB D.J. Codd
|
0-0: Ball Todd Vanasco steals 2nd base 1-0: Ball 2-0: Foul Ball, location: 2F 2-1: Called Strike 2-2: Ball 3-2: Base on Balls
|
Batting: RHB Tetsuya Shinoda
|
0-0: Foul Ball, location: 2F 0-1: Ball 1-1: Ball 2-1: Ground out 5-3 (Groundball, 56S, EV 75.6 MPH)
|
Bottom of the 3rd over - 0 runs, 2 hits, 0 errors, 2 left on base; Joplin 0 - Oakland 0 |
TOP OF THE 4TH |
Joplin Blasters batting - Pitching for Oakland Oaks : RHP Alex Garrett
|
Batting: RHB Kevin Wimberly
|
0-0: Called Strike 0-1: Foul Ball, location: 2F 0-2: Foul Ball, location: 2F 0-2: Strikes out swinging
|
Batting: RHB Chance Argy
|
0-0: Called Strike 0-1: Ball 1-1: Ball 2-1: Called Strike 2-2: Foul Ball, location: 2F 2-2: Ball 3-2: Strikes out swinging
|
Batting: SHB Sean Hill
|
0-0: Ball 1-0: Foul Ball, location: 2F 1-1: Swinging Strike 1-2: Strikes out swinging
|
Top of the 4th over - 0 runs, 0 hits, 0 errors, 0 left on base; Joplin 0 - Oakland 0 |
BOTTOM OF THE 4TH |
Oakland Oaks batting - Pitching for Joplin Blasters : RHP Chance Griffin
|
Batting: RHB Tim Cordle
|
0-0: Ball 1-0: Ball 2-0: Foul Ball, location: 2F 2-1: Ball 3-1: Foul Ball, location: 2F 3-2: Fly out, F8 (Flyball, 8LM, EV 88.8 MPH)
|
Batting: LHB Gregg Power
|
0-0: Ball 1-0: Ball 2-0: Called Strike 2-1: Foul Ball, location: 2F 2-2: Foul Ball, location: 2F 2-2: Foul Ball, location: 2F 2-2: Foul Ball, location: 2F 2-2: Ball 3-2: Foul Ball, location: 2F 3-2: Strikes out swinging wild pitch, reaches first!
|
Pitching: RHP Ian Current
|
|
Batting: RHB Travis Robinson
|
0-0: Called Strike 0-1: Ball 1-1: Called Strike 1-2: Strikes out swinging
|
Batting: LHB Felipe Gomez
|
0-0: Ball 1-0: Swinging Strike 1-1: Ball 2-1: Foul Ball, location: 2F 2-2: Foul Ball, location: 2F 2-2: Ball 3-2: Foul Ball, location: 2F 3-2: Foul Ball, location: 2F 3-2: Strikes out swinging
|
Bottom of the 4th over - 0 runs, 0 hits, 0 errors, 1 left on base; Joplin 0 - Oakland 0 |
TOP OF THE 5TH |
Joplin Blasters batting - Pitching for Oakland Oaks : RHP Alex Garrett
|
Batting: LHB Mike Bhatti
|
0-0: Swinging Strike 0-1: Ball 1-1: Foul Ball, location: 2F 1-2: Ball 2-2: Strikes out swinging
|
Batting: RHB Nick Julien
|
0-0: Ball 1-0: Ball 2-0: Called Strike 2-1: Swinging Strike 2-2: Strikes out swinging
|
Batting: RHB Jason Birge
|
0-0: Called Strike 0-1: Fly out, F8 (Flyball, 78M, EV 84.4 MPH)
|
Top of the 5th over - 0 runs, 0 hits, 0 errors, 0 left on base; Joplin 0 - Oakland 0 |
BOTTOM OF THE 5TH |
Oakland Oaks batting - Pitching for Joplin Blasters : RHP Ian Current
|
Batting: SHB Steve Salafia
|
0-0: Called Strike 0-1: Ball 1-1: Ball 2-1: Ball 3-1: Foul Ball, location: 2F 3-2: Base on Balls
|
Batting: RHB Tim Anderson
|
0-0: Called Strike 0-1: Called Strike 0-2: Ball 1-2: Strikes out swinging
|
Batting: RHB Todd Vanasco
|
0-0: Ball 1-0: Called Strike 1-1: Ball 2-1: Called Strike Steve Salafia steals 2nd, throwing error, E2 Steve Salafia to third 2-2: Strikes out swinging
|
Batting: SHB D.J. Codd
|
0-0: Ball 1-0: Ball 2-0: Ball 3-0: Base on Balls
|
Batting: RHB Tetsuya Shinoda
|
0-0: Foul Ball, location: 2F 0-1: Foul Ball, location: 2F 0-2: Ball 1-2: SINGLE (Line Drive, 6MD, EV 110.0 MPH) Steve Salafia scores D.J. Codd to second Runner from 2nd tries for 3rd, SAFE, throw by CF made to third
|
Pitching: RHP Brett Essary
|
|
Batting: RHB Tim Cordle
|
0-0: Ball 1-0: SINGLE (Flyball, 56D, EV 87.5 MPH) D.J. Codd scores Tetsuya Shinoda to second
|
Batting: LHB Gregg Power
|
0-0: Foul Ball, location: 2F 0-1: Called Strike 0-2: Strikes out swinging
|
Bottom of the 5th over - 2 runs, 2 hits, 1 error, 2 left on base; Joplin 0 - Oakland 2 |
TOP OF THE 6TH |
Joplin Blasters batting - Pitching for Oakland Oaks : RHP Alex Garrett
|
Batting: RHB Carlos Santoni
|
0-0: Called Strike 0-1: Called Strike 0-2: Ground out 6-3 (Groundball, 6M, EV 105.6 MPH)
|
Batting: RHB Vance Coen
|
0-0: Fly out, F7 (Flyball, 78S, EV 72.5 MPH)
|
Batting: RHB Dave Saldana
|
0-0: Ball 1-0: Ball 2-0: Ground out 6-3 (Groundball, 6, EV 106.9 MPH)
|
Top of the 6th over - 0 runs, 0 hits, 0 errors, 0 left on base; Joplin 0 - Oakland 2 |
BOTTOM OF THE 6TH |
Oakland Oaks batting - Pitching for Joplin Blasters : RHP Brett Essary
|
Batting: RHB Travis Robinson
|
0-0: Called Strike 0-1: Ball 1-1: Ball 2-1: Ball 3-1: Called Strike 3-2: Base on Balls
|
Batting: LHB Felipe Gomez
|
0-0: Ball 1-0: Foul Ball, location: 2F 1-1: Reached on error, E4 (Groundball, 34, EV 88.8 MPH) Travis Robinson to second
|
Batting: SHB Steve Salafia
|
0-0: Ball 1-0: Ball 2-0: Ball 3-0: Called Strike 3-1: Base on Balls Travis Robinson to third Felipe Gomez to second
|
Batting: RHB Tim Anderson
|
0-0: Foul Ball, location: 2F 0-1: Ball 1-1: Ball 2-1: Ball 3-1: Swinging Strike 3-2: Strikes out looking
|
Batting: RHB Todd Vanasco
|
0-0: Called Strike 0-1: Ball 1-1: Ball 2-1: Ball 3-1: SINGLE (Groundball, 4M, EV 97.5 MPH) Travis Robinson scores Felipe Gomez to third Steve Salafia to second
|
Batting: SHB D.J. Codd
|
0-0: Ball 1-0: Ball 2-0: Called Strike 2-1: Foul Ball, location: 2F 2-2: Strikes out swinging
|
Pitching: RHP Phil Kellum
|
|
Batting: RHB Tetsuya Shinoda
|
0-0: Ball 1-0: Ball 2-0: Called Strike 2-1: Ground out 4-3 (Groundball, 4, EV 81.2 MPH)
|
Bottom of the 6th over - 1 run, 1 hit, 1 error, 3 left on base; Joplin 0 - Oakland 3 |
TOP OF THE 7TH |
Joplin Blasters batting - Pitching for Oakland Oaks : RHP Alex Garrett
|
Batting: RHB Kevin Wimberly
|
0-0: Ball 1-0: Fly out, F8 (Flyball, 8RD, EV 101.9 MPH)
|
Batting: RHB Chance Argy
|
0-0: Swinging Strike 0-1: Ground out 4-3 (Groundball, 4, EV 77.5 MPH)
|
Batting: SHB Sean Hill
|
0-0: Called Strike 0-1: Ball 1-1: Foul Ball, location: 2F 1-2: Ball 2-2: Ball 3-2: SINGLE (Groundball, 4MD, EV 108.8 MPH)
|
Pitching: LHP Daniel Aguayo
|
|
Batting: LHB Mike Bhatti
|
0-0: Called Strike 0-1: Called Strike 0-2: Foul Ball, location: 2F 0-2: Strikes out swinging
|
Top of the 7th over - 0 runs, 1 hit, 0 errors, 1 left on base; Joplin 0 - Oakland 3 |
BOTTOM OF THE 7TH |
Oakland Oaks batting - Pitching for Joplin Blasters : RHP Phil Kellum
|
Batting: RHB Tim Cordle
|
0-0: Ball 1-0: Swinging Strike 1-1: Called Strike 1-2: Ball 2-2: Strikes out swinging
|
Batting: LHB Gregg Power
|
0-0: Ball 1-0: Foul Ball, location: 2F 1-1: Swinging Strike 1-2: DOUBLE (Flyball, 8LXD, EV 101.9 MPH)
|
Batting: RHB Travis Robinson
|
0-0: Called Strike 0-1: Ball 1-1: Foul Ball, location: 2F 1-2: Foul Ball, location: 2F 1-2: Strikes out looking
|
Batting: LHB Felipe Gomez
|
0-0: Ball 1-0: Foul Ball, location: 2F 1-1: Ball 2-1: Ball 3-1: Base on Balls
|
Batting: SHB Steve Salafia
|
0-0: Ball 1-0: Called Strike 1-1: Ground out 6-3 (Groundball, 6M, EV 92.5 MPH)
|
Bottom of the 7th over - 0 runs, 1 hit, 0 errors, 2 left on base; Joplin 0 - Oakland 3 |
TOP OF THE 8TH |
Joplin Blasters batting - Pitching for Oakland Oaks : LHP Daniel Aguayo
|
Pitching: RHP Hisatada Sekiguchi
|
|
Now in LF: Felipe Gomez
|
|
Now in CF: Chris Bohm
|
|
Batting: RHB Nick Julien
|
0-0: Foul Ball, location: 2F 0-1: Foul Ball, location: 2F 0-2: Foul Ball, location: 2F 0-2: Strikes out swinging
|
Batting: RHB Jason Birge
|
0-0: Ball 1-0: Ball 2-0: Foul Ball, location: 2F 2-1: Foul Ball, location: 2F 2-2: TRIPLE (Line Drive, 9LD, EV 108.1 MPH)
|
Batting: RHB Carlos Santoni
|
0-0: Swinging Strike 0-1: Ball 1-1: Called Strike 1-2: Foul Ball, location: 2F 1-2: Ground out 6-3 (Groundball, 6S, EV 82.5 MPH) Jason Birge scores
|
Batting: RHB Vance Coen
|
0-0: Foul Ball, location: 2F 0-1: Ball 1-1: Called Strike 1-2: Ball 2-2: Strikes out swinging
|
Top of the 8th over - 1 run, 1 hit, 0 errors, 0 left on base; Joplin 1 - Oakland 3 |
BOTTOM OF THE 8TH |
Oakland Oaks batting - Pitching for Joplin Blasters : RHP Phil Kellum
|
Pitching: RHP Josh Rutledge
|
|
Batting: RHB Tim Anderson
|
0-0: Called Strike 0-1: Swinging Strike 0-2: Strikes out swinging
|
Batting: RHB Todd Vanasco
|
0-0: Ball 1-0: SOLO HOME RUN (Line Drive, 7LD, EV 98.8 MPH), Distance : 353 ft
|
Batting: RHB Chris Bohm
|
0-0: SINGLE (Groundball, 56, EV 100.6 MPH) (infield hit)
|
Batting: RHB Tetsuya Shinoda
|
0-0: Ball 1-0: Ball 2-0: Ball 3-0: Called Strike 3-1: Base on Balls Chris Bohm to second
|
Batting: RHB Tim Cordle
|
0-0: SINGLE (Flyball, 8LS, EV 99.4 MPH) Chris Bohm to third Tetsuya Shinoda to second
|
Batting: LHB Gregg Power
|
0-0: Ball 1-0: Ball 2-0: Ball 3-0: Called Strike 3-1: Called Strike 3-2: Strikes out swinging
|
Pinch Hitting: LHB Alejandro Muniz
|
0-0: Ball 1-0: Ball 2-0: Called Strike 2-1: Fly out, F7 (Flyball, 7D, EV 100.6 MPH)
|
Bottom of the 8th over - 1 run, 3 hits, 0 errors, 3 left on base; Joplin 1 - Oakland 4 |
TOP OF THE 9TH |
Joplin Blasters batting - Pitching for Oakland Oaks : RHP Hisatada Sekiguchi
|
Pitching: RHP Jesus Gonzales
|
|
Now at 1B: Jason Dove
|
|
Now in LF: Walt Alaniz
|
|
Now in RF: Felipe Gomez
|
|
Batting: RHB Dave Saldana
|
0-0: Foul Ball, location: 2F 0-1: Ball 1-1: Fly out, F8 (Flyball, 89XD, EV 98.1 MPH)
|
Batting: RHB Kevin Wimberly
|
0-0: Called Strike 0-1: Swinging Strike 0-2: Strikes out swinging
|
Batting: RHB Chance Argy
|
0-0: Ball 1-0: Ball 2-0: Ball 3-0: Base on Balls
|
Batting: SHB Sean Hill
|
0-0: Called Strike 0-1: Ball 1-1: Foul Ball, location: 2F 1-2: Ball 2-2: Strikes out swinging
|
Top of the 9th over - 0 runs, 0 hits, 0 errors, 1 left on base; Joplin 1 - Oakland 4 |
|